 Dungeon Crawl Stone Soup version 0.28-a0-8-g6e044cfa68 (webtiles) character file.

Game seed: 5362742925478061295

41 keat06 the Skirmisher (level 3, -1/35 HPs)
             Began as a Gnoll Abyssal Knight on July 24, 2021.
             Was a Follower of Lugonu.
             Slain by Sigmund (8 damage)
             ... on level 2 of the Dungeon.
             The game lasted 00:03:28 (1868 turns).

keat06 the Skirmisher (Gnoll Abyssal Knight)        Turns: 1868, Time: 00:03:29

Health: -1/35      AC:  6    Str: 11    XL:     3   Next: 52%
Magic:  6/6        EV: 11    Int: 11    God:    Lugonu [*.....]
Gold:   32         SH:  0    Dex: 12    Spells: 3/3 levels left

rFire   . . .      SeeInvis .   a - +1 falchion
rCold   . . .      Faith    .   (no shield)
rNeg    . . .      Spirit   .   h - +0 ring mail
rPois   .          Reflect  .   (no helmet)
rElec   .          Harm     .   (no cloak)
rCorr   .          Rampage  .   (no gloves)
Will    .....                   (no boots)
Stlth   +.........              (no amulet)
HPRegen 0.11/turn               (no ring)
MPRegen 0.10/turn               (no ring)

@: no status effects
A: fangs 1, strong nose, distributed training
a: Renounce Religion, Depart the Abyss


You were on level 2 of the Dungeon.
You worshipped Lugonu.
Lugonu was aware of your devotion.
You visited 1 branch of the dungeon, and saw 2 of its levels.
You visited the Abyss 1 time.

You collected 32 gold pieces.

Inventory:

Hand Weapons
 a - a +1 falchion (weapon)
Armour
 h - a +0 ring mail (worn)
Jewellery
 d - a ring of protection from cold
Scrolls
 c - 3 scrolls of identify
 g - a scroll of vulnerability {unknown}
Potions
 e - a potion of haste {unknown}
 f - 2 potions of brilliance


   Skills:
 + Level 6.5 Fighting
 + Level 0.8 Short Blades
 + Level 4.5 Long Blades
 + Level 0.8 Axes
 + Level 0.8 Maces & Flails
 + Level 0.8 Polearms
 + Level 0.8 Staves
 + Level 0.8 Slings
 + Level 0.8 Bows
 + Level 0.8 Crossbows
 + Level 0.8 Throwing
 + Level 4.5 Armour
 + Level 2.6 Dodging
 + Level 0.8 Stealth
 + Level 0.8 Shields
 + Level 0.8 Unarmed Combat
 + Level 0.8 Spellcasting
 + Level 0.5 Conjurations
 + Level 0.5 Hexes
 + Level 0.5 Summonings
 + Level 0.5 Necromancy
 + Level 0.5 Translocations
 + Level 0.5 Transmutations
 + Level 0.5 Fire Magic
 + Level 0.5 Ice Magic
 + Level 0.5 Air Magic
 + Level 0.5 Earth Magic
 + Level 0.5 Poison Magic
 + Level 4.6 Invocations
 + Level 0.8 Evocations


You had 3 spell levels left.
You didn't know any spells.
Your spell library was empty.

Dungeon Overview and Level Annotations

Branches:
Dungeon (2/15)

Altars:

Annotations:
D:2 Sigmund


Innate Abilities, Weirdness & Mutations

You have very sharp teeth.
Your uncanny sense of smell can sniff out nearby items.
Your experience applies equally to all skills.


Message History

Okay, then.
Okay, then.
As you read the scroll labelled UNIAGY WIT UXA, it crumbles to dust.
It is a scroll of identify.
f - 2 potions of brilliance Sigmund closely misses you.
You barely miss Sigmund. Sigmund hits you but does no damage.
You hit Sigmund but do no damage. Sigmund closely misses you.
You closely miss Sigmund. Sigmund gestures at you while chanting.
The magic dart hits you.
You hit Sigmund. Your bite misses Sigmund.
Sigmund is lightly wounded.
Sigmund hits you with a +0 scythe!
You hit Sigmund. Your bite misses Sigmund.
Sigmund is moderately wounded.
Sigmund closely misses you.
You riposte.
You hit Sigmund. You bite Sigmund.
Sigmund is heavily wounded.
You hit Sigmund.
Sigmund is heavily wounded.
Sigmund closely misses you.
You riposte.
You barely miss Sigmund.
Sigmund is heavily wounded.
You hit Sigmund but do no damage.
Sigmund is heavily wounded.
Sigmund barely misses you.
You riposte.
You hit Sigmund but do no damage.
Sigmund is heavily wounded.
Sigmund gestures at you while chanting. You resist with significant effort.
You closely miss Sigmund.
Sigmund is heavily wounded.
Sigmund says, "Your kind have come here before.
I understand now why.
You desire death..."
Sigmund mumbles some strange words.
Sigmund flickers and vanishes!
Deactivating autopickup; reactivate with Ctrl-A.
You barely miss something. Something hits you. Something hits you!
* * * LOW HITPOINT WARNING * * *
There is a stone staircase leading up here.
Something hits you!
You die...

## ## # #.. .# #.# # #(.
.# .. . ####
#.#..###.#.##.#
.....######......{......#
......<..##.......##.#####
.#######)##.....@.........
+####.##.##......†##......
......>........###........
...#.....###.#####.#######
...#..W###................
.........#.#.##...........
..#......# #........#####.
. #...W..#+####.....#
#..........##.....#####.#


There were no monsters in sight!

Vanquished Creatures
  An adder (D:2)
  A worm (D:2)
  A dart slug (D:1)
  4 endoplasms
  2 hobgoblins
  2 jackals (D:1)
  3 kobolds
  A quokka (D:2)
  A ball python (D:1)
  A bat (D:2)
  2 frilled lizards
  4 goblins
  5 rats
28 creatures vanquished.

Notes
Turn   | Place    | Note
-------+----------+-------------------------------------------
     0 | Abyss:1  | keat06 the Gnoll Abyssal Knight began the quest for the
                  | Orb.
     0 | Abyss:1  | Reached XP level 1. HP: 23/23 MP: 3/3
    40 | Abyss:1  | Noticed an iron imp
    41 | D:1      | Escaped the Abyss
   286 | D:1      | Reached XP level 2. HP: 20/29 MP: 5/5
   849 | D:1      | Found a faded altar of an unknown god.
   860 | D:1      | Reached * piety under Lugonu
  1221 | D:2      | Noticed a phantom
  1507 | D:2      | Reached XP level 3. HP: 35/35 MP: 6/6
  1854 | D:2      | Noticed Sigmund
  1868 | D:2      | Slain by Sigmund

Illustrated notes

Levels and vault maps discovered:
D:1:      dpeg_arrival_shrine, layout_basic, basic_ecumenical_altar
D:2:      minmay_skewed_foursquare, layout_basic, uniq_sigmund

Action                   || total
-------------------------++-------
Melee: Falchion          ||    87
       Bite              ||     8
       Punch             ||     1
Invok: Depart the Abyss  ||     1
  Use: Scroll            ||     1
 Stab: Sleeping          ||     1
Armor: Leather armour    ||     8
       Ring mail         ||    16
Dodge: Dodged            ||    43
       Rpst.: Falchion   ||    16

Table legend: (Time is in decaauts)
 A = Elapsed time spent in this place.
 B = Non-inter-level travel time spent in this place.
 C = Inter-level travel time spent in this place.
 D = Time resting spent in this place.
 E = Time spent auto-exploring this place.
 F = Levels seen in this place.
 G = Mean time per level.
                   A        B        C        D        E       F      G
               +--------+--------+--------+--------+--------+-----+--------+
         Total |   1877 |   1816 |     61 |    490 |   1034 |   3 |  625.7 |
       Dungeon |   1835 |   1774 |     61 |    490 |   1019 |   2 |  917.5 |
         Abyss |     42 |     42 |      0 |      0 |     15 |   1 |   42.0 |
               +--------+--------+--------+--------+--------+-----+--------+

Top non-repeatable levels by time:
     D:1: 1066 daAuts
     D:2: 769 daAuts
 Abyss:1: 42 daAuts
